 Dungeon Crawl Stone Soup version 0.21.1-1-g345015f (webtiles) character file.

129 Iko the Digger (level 4, 0/30 HPs)
             Began as a Vampire Earth Elementalist on June 12, 2018.
             Was an Initiate of Nemelex Xobeh.
             Slain by Ijyb
             ... wielding a +0 club
              (4 damage)
             ... on level 4 of the Dungeon.
             The game lasted 00:04:34 (458 turns).

Iko the Digger (Vampire Earth Elementalist)          Turns: 458, Time: 00:04:35

Health: 0/30       AC:  4    Str:  8    XL:     4   Next: 88%
Magic:  0/9        EV: 12    Int: 17    God:    Nemelex Xobeh [......]
Gold:   12         SH:  0    Dex: 14    Spells: 6/9 levels left

rFire    . . .     SeeInvis +   a - +0 quarterstaff
rCold    . . .     Gourm    .   (shield currently unavailable)
rNeg     + . .     Faith    .   g - +1 leather armour
rPois    .         Spirit   .   (no helmet)
rElec    .         Reflect  .   (no cloak)
rCorr    .         Harm     .   (no gloves)
MR       .....                  (no boots)
Stlth    ++........             (no amulet)
HPRegen  0.10/turn              (no ring)
MPRegen  0.11/turn              (no ring)

@: no status effects
A: fangs 3, see invisible, unbreathing
a: Bat Form, Renounce Religion


You were on level 4 of the Dungeon.
You worshipped Nemelex Xobeh.
Nemelex Xobeh was noncommittal.
You were not thirsty.

You visited 1 branch of the dungeon, and saw 4 of its levels.

You collected 12 gold pieces.

Inventory:

Hand Weapons
 a - a +0 quarterstaff (weapon)
Missiles
 b - 34 stones (quivered)
Armour
 g - a +1 leather armour (worn)
Scrolls
 f - a scroll of teleportation
Potions
 d - a potion of blood
Books
 e - a book of Geomancy

   Spells                             Type                      Level
   a - Sandblast                      Earth                        1
   b - Passwall                       Transmutation/Earth          2
   c - Stone Arrow                    Conjuration/Earth            3
   d - Petrify                        Transmutation/Earth          4
   e - Lee's Rapid Deconstruction     Earth                        5


   Skills:
 + Level 2.6 Dodging
 + Level 3.5 Stealth
 + Level 3.3 Spellcasting
 + Level 1.1 Transmutations
 + Level 4.3 Earth Magic


You had 6 spell levels left.
You knew the following spells:

 Your Spells              Type           Power        Failure   Level  Hunger
a - Sandblast             Erth           ###...       4%          1    None
b - Passwall              Tmut/Erth      ##........   12%         2    ##.....


Dungeon Overview and Level Annotations

Branches:
Dungeon (4/15)
 Temple: D:4-7

Altars:
Nemelex Xobeh

Annotations:
D:4 Ijyb


Innate Abilities, Weirdness & Mutations

You have razor-sharp teeth.
You have supernaturally acute eyesight. (SInv)
You can survive without breathing.


Message History

Confirm with . or Enter, or press ? or * to list all spells.
Aiming: Sandblast
Press: ? - help, Shift-Dir - straight line, f/p - p0werm0de's ghost
Aim: p0werm0de's ghost (almost destroyed)
The blast of sand hits p0werm0de's ghost.
You destroy p0werm0de's ghost!
Your Spellcasting skill increases to level 3!
Your Earth Magic skill increases to level 4!
You have reached level 3!
Your experience leads to an increase in your attributes!
Increase (S)trength, (I)ntelligence, or (D)exterity?
You feel stronger.
You can now transform into a vampire bat.
You have reached level 4!
b - 34 stones You barely miss Ijyb.
Ijyb hits you with a club.
* * * LOW HITPOINT WARNING * * *
Ijyb hits you with a club.
You die...
Your body disappears without a glow.

#...# .. #...#
..# ##...##..
....... #.....
#.... #.g.#
...##..@#######.
........<.......
.?..............
................
........).......
#..#..#.########
#######.# ...
...


You could see Ijyb.

Vanquished Creatures
  The ghost of p0werm0de the Grave Robber, an amateur OpNe (D:4)
  An ooze (D:1)
  A dart slug (D:2)
  An orc (D:3)
  A goblin (D:2)
  A hobgoblin (D:2)
  3 kobolds
  2 bats
  A frilled lizard (D:3)
  A rat (D:3)
13 creatures vanquished.

Notes
Turn   | Place    | Note
-------+----------+-------------------------------------------
     0 | D:1      | Iko the Vampire Earth Elementalist began the quest for the Orb.
     0 | D:1      | Reached XP level 1. HP: 13/13 MP: 3/3
   174 | D:1      | Reached XP level 2. HP: 19/19 MP: 1/5
   209 | D:1      | Learned a level 2 spell: Passwall
   337 | D:3      | Found a sparkling altar of Nemelex Xobeh.
   347 | D:3      | Became a worshipper of Nemelex Xobeh the Trickster
   448 | D:4      | Noticed p0werm0de's ghost (amateur OpNe)
   450 | D:4      | Noticed Ijyb
   457 | D:4      | Killed p0werm0de's ghost
   457 | D:4      | Reached skill level 4 in Earth Magic
   457 | D:4      | Reached XP level 3. HP: 4/24 MP: 0/7
   457 | D:4      | Reached XP level 4. HP: 5/30 MP: 0/9
   458 | D:4      | Slain by Ijyb

Skill      XL: |  1  2 |
---------------+-------+-----
Spellcasting   | 3 |  3.3
Earth Magic    | 4 |  4.3
Dodging        | |  2.6
Stealth        | |  3.5
Transmutations | |  1.1

Action                   |  1- 3 |  4- 6 || total
-------------------------+-------+-------++-------
Melee: Short sword       |     3 |       ||     3
       Quarterstaff      |     2 |     1 ||     3
       Bite              |     1 |       ||     1
 Cast: Sandblast         |    20 |     1 ||    21
  Use: Scroll            |     5 |       ||     5
       Potion            |     2 |       ||     2
Armor: Leather armour    |     3 |       ||     3
Dodge: Dodged            |    17 |       ||    17
